Map: Orbital Shipyard

Players

KarmicGhost - Winner!

  • Race: Zerg Zerg
  • League: Platinum

Toons

  • Race: Protoss Protoss
  • League: Gold

VOD

Have the link to the VOD?

Description

Time

  • Played on: Jan. 29, 2016, 6:13 p.m.
  • Length: 5:53
Show
View Real Time Build Order
Export as new Build Order

KarmicGhost Zerg - Winner!

Build Orders: Pool First 

Get SALT Encoding   

  12  0:01  Drone  
  13  0:08  Drone  
  14  0:17  Overlord  
  14  0:35  Spawning Pool  
  14  0:36  Drone  
  14  0:40  Drone  
  15  0:50  Extractor  
  15  0:51  Drone x2  
  16  0:59  Drone  
  17  1:24  Zergling x2  
  18  1:26  Hatchery  
  18  1:28  Zergling x2  
  18  1:33  Zergling x2  
  19  1:45  Zergling x2  
  20  1:55  Metabolic Boost  
  20  1:57  Zergling x2  
  21  2:09  Extractor  
  21  2:10  Overlord  
  21  2:14  Zergling x2  
  21  2:25  Zergling x2  
  21  2:27  Queen  
  22  2:35  Zergling x2  
  22  2:43  Zergling x2  
  22  2:58  Baneling Nest  
  21  2:59  Zergling x4  
  21  3:01  Drone  
  24  3:06  Drone  
  24  3:11  Drone  
  26  3:18  Drone  
  27  3:25  Drone  
  28  3:31  Drone  
  29  3:35  Drone  
  30  3:49  Zergling x6  
  30  3:54  Drone  
  34  4:00  Drone  
  35  4:06  Overlord  
  35  4:17  Lair  
  35  4:19  Drone  
  36  4:26  Baneling x4  
  36  4:29  Drone  
  37  4:32  Baneling x2  
  37  4:35  Zergling x2  
  38  4:39  Zergling x2  
  38  4:51  Zergling x6  
  41  4:54  Zergling x4  
  40  5:08  Zergling x4  
  40  5:12  Zergling x4  
  37  5:28  Drone x2, Spire  
  37  5:30  Drone  
Show
View Real Time Build Order
Export as new Build Order

Toons Protoss 

Build Orders:  

Get SALT Encoding   

  12  0:01  Probe (Chrono Boost)  
  13  0:12  Probe (Chrono Boost)  
  14  0:18  Pylon  
  14  0:22  Probe (Chrono Boost)  
  15  0:37  Probe (Chrono Boost)  
  16  0:44  Gateway  
  16  0:48  Probe (Chrono Boost)  
  16  0:49  Assimilator  
  17  0:59  Probe (Chrono Boost)  
  18  1:09  Probe (Chrono Boost)  
  19  1:12  Pylon  
  19  1:21  Probe (Chrono Boost)  
  20  1:31  Zealot  
  22  1:35  Cybernetics Core  
  22  1:38  Probe (Chrono Boost)  
  23  1:49  Probe (Chrono Boost)  
  24  2:00  Probe (Chrono Boost)  
  24  2:09  Assimilator  
  24  2:10  Probe (Chrono Boost)  
  24  2:15  Warp Gate  
  25  2:16  Adept  
  28  2:23  Probe (Chrono Boost)  
  28  2:26  Pylon  
  28  2:30  Nexus  
  28  2:36  Mothership Core (Chrono Boost)  
  30  2:54  Probe (Chrono Boost)  
  31  3:01  Adept  
  31  3:05  Probe (Chrono Boost)  
  34  3:15  Stargate  
  34  3:17  Probe (Chrono Boost)  
  35  3:20  Pylon  
  35  3:27  Gateway  
  35  3:28  Gateway  
  35  3:32  Probe (Chrono Boost)  
  36  3:49  Probe (Chrono Boost)  
  36  3:51  Sentry (Chrono Boost)  
  36  3:52  Probe (Chrono Boost)  
  40  3:59  Forge  
  40  4:01  Pylon  
  40  4:06  Probe  
  40  4:08  Pylon  
  41  4:33  Probe  
  41  4:34  Probe, Photon Cannon  
  41  4:35  Oracle  
  46  4:39  Sentry  
  46  4:43  Gateway  
  48  4:51  Sentry  
  48  4:58  Stalker  
  50  5:00  Probe  
  49  5:21  Probe  
  49  5:23  Probe  
  54  5:32  Probe  
  54  5:33  Assimilator  
  54  5:35  Probe  
  56  5:36  Zealot x3  
  56  5:38  Assimilator  
  62  5:52  Nexus  
Tags
 
Add a new tag
Caveats
  • Supply blocks, unpowered buildings, or Contaminate may cause inaccurate times.
  • Supply counts are checked every 10 seconds.